 Dungeon Crawl Stone Soup version 0.16-a0-2010-g98bc240 (webtiles) character file.

77296 timbw the Brawler (level 15, -23/137 HPs)
             Began as a Ghoul Monk on Nov 9, 2014.
             Was the Champion of Qazlal.
             Annihilated by a caustic shrike (glowing shapeshifter) (33 damage)
             ... on level 1 of the Elven Halls.
             The game lasted 01:03:38 (12248 turns).

timbw the Brawler (Ghoul Monk)                     Turns: 12248, Time: 01:03:38

Health: -23/137    AC:  9    Str: 17    XL:     15   Next: 56%
Magic:  21/21      EV: 23    Int: 11    God:    Qazlal [******]
Gold:   1016       SH:  8    Dex: 22    Spells: 0 memorised, 14 levels left

rFire  . . .     SeeInvis +       - Unarmed
rCold  + + +     Clarity  +     F - +4 leather armour of the Accordion {Dex+3 Curse}
rNeg   + + +     SustAb   .     (no shield)
rPois  +         Gourm    .     x - +2 helmet {SInv}
rElec  .         Spirit   .     X - +0 cloak of Ilokk {Dex+3 SInv Curse} (curse)
rCorr  .         Warding  .     (no gloves)
rMut   .         Stasis   .     (no boots)
MR     +....                    d - amulet of Ghoedo Skof {Clar rC++}
Stlth  +.........               s - ring of protection from cold
                                P - +6 ring of intelligence

@: protected from physical damage, corroded equipment, very slightly
contaminated, rotting, repel missiles, somewhat resistant to hostile
enchantments, very unstealthy
A: rotting body, claws 1, carnivore 3, cold resistance 1, negative energy
resistance 3, poison resistance, slow healing 1, torment resistance, unbreathing
a: Upheaval, Elemental Force, Disaster Area, Renounce Religion


You were on level 1 of the Elven Halls.
You worshipped Qazlal.
Qazlal was exalted by your worship.
You were not hungry.

You visited 6 branches of the dungeon, and saw 27 of its levels.
You visited the Abyss 1 time.
You also visited: Labyrinth.

You collected 2152 gold pieces.
You spent 1136 gold pieces at shops.

Inventory:

Hand weapons
 I - the cursed +13 Scythe of Curses {drain, Curse}
   (You took it off a minotaur in a labyrinth)

   A truly terrible weapon, it drains the life of those it strikes.
   It may recurse itself when equipped.
   It has a curse placed upon it.
Missiles
 k - 12 javelins
 t - a throwing net (quivered)
Armour
 v - a +1 helmet of intelligence
 x - a +2 helmet of see invisible (worn)
 y - a +0 large shield
 F - the +4 leather armour of the Accordion (worn) {Dex+3 Curse}
   (You found it on level 3 of the Lair of Beasts)

   It affects your dexterity (+3).
   It may recurse itself when equipped.
 Q - the +0 cloak "Wekoxoi" {Int+4}
   (You found it on level 8 of the Lair of Beasts)

   It affects your intelligence (+4).
 X - the cursed +0 cloak of Ilokk (worn) {Dex+3 SInv Curse}
   (You found it on level 8 of the Lair of Beasts)

   It affects your dexterity (+3).
   It enhances your eyesight.
   It may recurse itself when equipped.
   It has a curse placed upon it.
Jewellery
 d - the amulet of Ghoedo Skof (around neck) {Clar rC++}
   (You found it on level 5 of the Dungeon)

   [amulet of clarity]

   It provides mental clarity.
   It greatly protects you from cold.
 e - an uncursed ring of wizardry
 s - a ring of protection from cold (right claw)
 N - an uncursed ring of ice
 P - a +6 ring of intelligence (left claw)
 V - an uncursed ring of stealth
Magical devices
 m - a wand of draining (3)
 z - a wand of disintegration (13)
 D - a wand of paralysis (10)
 E - a wand of digging (12)
 H - a wand of slowing (23)
 O - a wand of polymorph (7)
 Z - a wand of digging (14)
Scrolls
 a - a scroll of vulnerability
 c - 5 scrolls of remove curse
 g - 4 scrolls of identify
 i - a scroll of silence
 n - a scroll of summoning
 r - 2 scrolls of recharging
 u - 8 scrolls of enchant armour
 w - 2 scrolls of blinking
 A - 6 scrolls of magic mapping
 J - 7 scrolls of teleportation
 S - a scroll of fear
Potions
 b - a potion of invisibility
 h - 2 potions of haste
 j - 4 potions of restore abilities
 o - 3 potions of curing
 q - 2 potions of heal wounds
 B - 3 potions of might
 M - a potion of brilliance
 R - 2 potions of resistance
 U - a potion of agility
Books
 G - The Arcane Secrets of Theurgy
   (You found it in a labyrinth)

   Spells                             Type                      Level
   Tornado                            Air                          9
 L - a book of Wizardry

   Spells                             Type                      Level
   Agony                              Necromancy                   5
   Force Lance                        Conjuration                  5
   Dispersal                          Translocation                6
   Haste                              Charms                       6
   Invisibility                       Hexes                        6
   Spellforged Servitor               Conjuration/Summoning        7
Miscellaneous
 K - a sack of spiders
 T - a phial of floods
 Y - a phial of floods
Comestibles
 f - a royal jelly
 l - a slice of pizza
 p - 5 meat rations
 C - a beef jerky


   Skills:
 + Level 13.9 Fighting
 + Level 4.3 Armour
 + Level 11.8 Dodging
 - Level 2.1 Stealth
 * Level 19.4 Unarmed Combat
 - Level 5.0 Invocations
 - Level 5.0 Evocations


You had 14 spell levels left.
You didn't know any spells.

Dungeon Overview and Level Annotations

Branches:
Dungeon (12/15)            Temple (1/1) D:5            Lair (8/8) D:8
  Swamp (1/5) Lair:4        Snake (0/5) Lair:6        Slime (0/6) Lair:8
    Orc (4/4) D:11            Elf (1/3) Orc:4

Altars:
Ashenzari
Cheibriados
Dithmenos
Elyvilon
Fedhas
Gozag
Makhleb
Nemelex Xobeh
Okawaru
Qazlal
Trog
Vehumet
Xom
Yredelemnul
Beogh

Shops:
D:11 }}   Orc:4 ?:?[

Annotations:
D:5 Prince Ribbit


Innate Abilities, Weirdness & Mutations

Your body is rotting away.
You thrive on raw meat.
You have sharp fingernails.
You are carnivorous and can eat meat at any time.
Your flesh is cold resistant.
You are immune to negative energy.
Your system is resistant to poisons.
You heal slowly when monsters are visible.
You are immune to unholy pain and torment.
You can survive without breathing.


Message History

The caustic shrike begins to bleed from its wounds!
The caustic shrike is lightly wounded.
The caustic shrike claws you.
* * * LOW HITPOINT WARNING * * *
You are splashed with acid!
The acid burns!
* * * LOW HITPOINT WARNING * * *
The caustic shrike claws you.
* * * LOW HITPOINT WARNING * * *
You are splashed with acid!
The acid burns!
* * * LOW HITPOINT WARNING * * *
Drink which item? (? for menu, Esc to quit)
Okay, then.
Read which item? (? for menu, Esc to quit)
Blink to where?
Press: ? - help, Dir - move target cursor
As you read the scroll of blinking, it crumbles to dust.
You are very lightly contaminated with residual magic.
The caustic shrike is no longer bleeding.
The caustic shrike claws you!!
You die...

## ..
##### .#
##...## .#
##.###.##
.# ##.##
##.####.#
##@##
##.#...#
#b##
##..#.#
#.# #..#.#
#.##
##..#.#
##)##
##.#####
##[##
##.##
###.###.##
#......##
#.######


You could see a caustic shrike.

Vanquished Creatures
  Donald (Lair:4)
  A minotaur (Lab)
  6 hydras
  Fannar (Orc:4)
  Nessos (D:11)
  An alligator (Lair:4)
  11 death yaks (Lair:8)
  The ghost of timbw the Summoner, a powerful HuSu of Sif Muna (Lair:4)
  5 ogre magi (Orc:4)
  3 catoblepae (Lair:8)
  Nergalle (Orc:3)
  2 orc high priests
  An anubis guard (shapeshifter) (Elf:1)
  2 hill giants
  Pikel (D:9)
  A lindwurm (Lair:8)
  A necromancer (Lair:3)
  An ugly thing (D:12)
  An orc knight (Orc:4)
  A centaur zombie (D:8)
  An orc sorcerer (Orc:2)
  A cyclops (D:12)
  12 elephants
  A torpor snail (Lair:6)
  4 gargoyles (Lab)
  Psyche (Orc:3)
  14 black mambas
  13 komodo dragons
  12 spiny frogs
  3 fire drakes
  15 two-headed ogres
  2 baby alligators (Swamp:1)
  3 trolls
  2 giant leeches
  A bog body (Swamp:1)
  2 basilisks (Lair:2)
  A spriggan (shapeshifter) (D:11)
  A wraith (D:11)
  61 yaks
  4 deep elf magi
  2 wyverns
  A hungry ghost (D:10)
  Grum (Orc:1)
  A deep elf fighter (Elf:1)
  8 hippogriffs
  20 wolves
  3 vampire mosquitoes
  3 swamp worms
  A steam dragon (D:12)
  2 wargs
  9 porcupines
  12 water moccasins
  2 sky beasts
  14 orc warriors
  4 ice beasts
  A phantom (D:7)
  A black bear (D:9)
  33 ogres
  An eye of draining (D:10)
  9 crocodiles
  3 centaurs
  2 boring beetles
  A big kobold (D:11)
  A brain worm (Lair:5)
  2 small abominations
  17 giant frogs
  2 scorpions
  3 wights (D:12)
  16 killer bees
  2 crimson imps
  21 orc priests
  2 jellies (D:3)
  6 iguanas
  10 hounds
  A giant frog skeleton (D:9)
  14 orc wizards
  4 polar bear simulacra (Lair:3)
  A spectral orc (Orc:4)
  4 worker ants
  4 yak simulacra (Lair:3)
  A wolf simulacrum (Lair:3)
  Ijyb (D:6)
  Jessica (D:2)
  A hound skeleton (D:7)
  A scorpion zombie (D:7)
  7 gnolls
  27 green rats
  An orc skeleton (D:11)
  16 adders
  An adder skeleton (D:5)
  2 giant geckos
  117 orcs
  9 bats
  A bat zombie (D:5)
  2 giant cockroaches (D:2)
  12 goblins
  14 hobgoblins
  11 jackals
  8 quokkas
  13 sheep
  3 ball pythons
  4 giant newts
  2 green rat simulacra (Lair:3)
  14 kobolds
  2 kobold zombies
  An orc zombie (D:6)
  9 rats
  A rat zombie (D:5)
  6 ballistomycetes (D:11)
  36 fungi
  16 plants
781 creatures vanquished.

Vanquished Creatures (others)
  An ogre (D:12)
  A slave (D:9)
  A scorpion zombie (D:9)
  3 orcs (Orc:4)
  2 kobolds (D:9)
  A giant spore (D:11)
  4 fungi (Lair:8)
  2 plants
15 creatures vanquished.

Grand Total: 796 creatures vanquished

Notes
Turn   | Place    | Note
--------------------------------------------------------------
     0 | D:1      | timbw, the Ghoul Monk, began the quest for the Orb.
     0 | D:1      | Reached XP level 1. HP: 19/19 MP: 1/1
   123 | D:2      | Reached skill level 5 in Unarmed Combat
   123 | D:2      | Reached XP level 2. HP: 20/26 MP: 2/2
   228 | D:2      | Noticed Jessica
   240 | D:2      | Killed Jessica
   240 | D:2      | Reached XP level 3. HP: 31/31 MP: 3/3
   376 | D:3      | Reached skill level 6 in Unarmed Combat
   376 | D:3      | Reached XP level 4. HP: 25/38 MP: 3/3
   509 | D:3      | Reached XP level 5. HP: 18/45 MP: 4/4
   522 | D:3      | Found a shimmering altar of Xom.
   659 | D:4      | Reached skill level 7 in Unarmed Combat
   685 | D:4      | Got an ominously black robe
   696 | D:4      | Identified the cursed -3 robe of the Cuttlefish {Str-5 Int+3} (You found it on level 4 of the Dungeon)
   722 | D:5      | Entered Level 5 of the Dungeon
   735 | D:5      | Noticed Prince Ribbit
   793 | D:5      | Noticed an ogre
   799 | D:5      | Killed an ogre
   799 | D:5      | Reached XP level 6. HP: 49/51 MP: 5/5
   801 | D:5      | Found a staircase to the Ecumenical Temple.
   873 | Temple   | Entered the Ecumenical Temple
  1000 | D:5      | Noticed an ice beast
  1019 | D:5      | Killed an ice beast
  1064 | D:5      | Got a slimy silver amulet
  1065 | D:5      | Identified the amulet of Ghoedo Skof {Clar rC++} (You found it on level 5 of the Dungeon)
  1317 | D:6      | HP: 1/52 [centaur (7)]
  1320 | D:6      | Reached skill level 8 in Unarmed Combat
  1320 | D:6      | Reached XP level 7. HP: 24/60 MP: 5/5
  1329 | D:6      | Found a blossoming altar of Fedhas.
  1363 | D:6      | Noticed Ijyb
  1374 | D:6      | Killed Ijyb
  1401 | D:6      | Found a stormy altar of Qazlal.
  1416 | D:6      | Became a worshipper of Qazlal Stormbringer
  1416 | D:6      | Acquired Qazlal's first power
  1416 | D:6      | Acquired Qazlal's second power
  1678 | D:7      | Reached skill level 5 in Fighting
  1717 | D:7      | Reached skill level 9 in Unarmed Combat
  1750 | D:7      | Found an iron altar of Okawaru.
  1750 | D:7      | Found an opulent altar of Gozag.
  1799 | D:7      | Reached XP level 8. HP: 67/67 MP: 6/6
  2385 | D:8      | Noticed a centaur zombie
  2417 | D:8      | Killed a centaur zombie
  2417 | D:8      | Reached skill level 5 in Dodging
  2417 | D:8      | Reached skill level 10 in Unarmed Combat
  2417 | D:8      | Reached XP level 9. HP: 51/78 MP: 7/7
  2512 | D:7      | Acquired Qazlal's third power
  2540 | D:8      | Found a staircase to the Lair.
  2542 | D:8      | Noticed a fire drake
  2926 | D:6      | Identified a scroll of acquirement
  3083 | D:8      | Killed a fire drake
  3083 | D:8      | Reached skill level 11 in Unarmed Combat
  3113 | Lair:1   | Entered Level 1 of the Lair of Beasts
  3300 | Lair:1   | Noticed a black mamba
  3384 | Lair:2   | Noticed a komodo dragon
  3419 | Lair:2   | Reached skill level 1 in Evocations
  3425 | Lair:2   | Killed a komodo dragon
  3456 | Lair:2   | Reached XP level 10. HP: 69/88 MP: 9/10
  3498 | Lair:2   | Noticed a black mamba
  3519 | Lair:2   | Killed a black mamba
  3519 | Lair:2   | Reached skill level 12 in Unarmed Combat
  3561 | Lair:2   | Noticed a komodo dragon
  3563 | Lair:2   | Noticed a four-headed hydra
  3567 | Lair:2   | Killed a komodo dragon
  3576 | Lair:2   | Noticed a spiny frog
  3775 | Lair:3   | Acquired Qazlal's fourth power
  3979 | Lair:3   | Noticed a necromancer
  3988 | Lair:3   | Killed a necromancer
  4002 | Lair:3   | Got a citrine-encrusted leather armour
  4013 | Lair:3   | Identified the +4 leather armour of the Accordion {Dex+3 Curse} (You found it on level 3 of the Lair of Beasts)
  4015 | Lair:3   | Reached skill level 13 in Unarmed Combat
  4074 | Lair:3   | Reached XP level 11. HP: 86/95 MP: 15/15
  4183 | Lair:4   | Noticed timbw's ghost (powerful HuSu)
  4212 | Lair:4   | Killed timbw's ghost
  4261 | Lair:4   | Noticed a four-headed hydra
  4284 | Lair:4   | Killed a four-headed hydra
  4284 | Lair:4   | Reached skill level 5 in Evocations
  4414 | Lair:5   | Found a snail-covered altar of Cheibriados.
  4575 | Lair:5   | Reached skill level 1 in Invocations
  4599 | Lair:5   | Acquired Qazlal's fifth power
  4606 | Lair:5   | Reached skill level 14 in Unarmed Combat
  4764 | Lair:6   | Reached skill level 10 in Fighting
  4764 | Lair:6   | Reached XP level 12. HP: 91/106 MP: 18/18
  4843 | Lair:6   | Found a staircase to the Snake Pit.
  5111 | Lair:5   | Reached skill level 15 in Unarmed Combat
  5385 | Lair:4   | Reached skill level 5 in Invocations
  5535 | Lair:4   | Found a staircase to the Swamp.
  5931 | Lair:7   | Noticed a five-headed hydra
  5958 | Lair:7   | Killed a five-headed hydra
  6001 | Lair:7   | Reached XP level 13. HP: 18/116 MP: 19/19
  6093 | Lair:7   | Reached skill level 16 in Unarmed Combat
  6695 | Lair:8   | Entered Level 8 of the Lair of Beasts
  6711 | Lair:8   | Reached skill level 10 in Dodging
  6718 | Lair:8   | Got a faintly humming cloak
  6740 | Lair:8   | Identified the cursed +0 cloak "Wekoxoi" {Int+4} (You found it on level 8 of the Lair of Beasts)
  6791 | Lair:8   | Found a staircase to the Slime Pits.
  7221 | Lair:8   | Got a transparent cloak
  7233 | Lair:8   | Identified the +0 cloak of Ilokk {Dex+3 SInv Curse} (You found it on level 8 of the Lair of Beasts)
  7327 | Lair:8   | Reached skill level 17 in Unarmed Combat
  7486 | Lair:8   | Reached XP level 14. HP: 90/126 MP: 20/20
  7880 | Swamp:1  | Entered Level 1 of the Swamp
  7888 | Swamp:1  | Noticed Donald
  8162 | Lair:4   | Killed Donald
  8302 | Lair:2   | Killed a four-headed hydra
  8312 | Lair:2   | Killed a spiny frog
  8312 | Lair:2   | Reached skill level 18 in Unarmed Combat
  8440 | Lair:1   | Noticed a komodo dragon
  8447 | Lair:1   | Killed a komodo dragon
  8491 | Lair:1   | Killed a black mamba
  8650 | D:8      | Noticed a two-headed ogre
  8656 | D:8      | Killed a two-headed ogre
  8679 | D:9      | Noticed Pikel
  8685 | D:9      | Killed Pikel
  9065 | D:10     | Entered Level 10 of the Dungeon
  9406 | D:10     | You fall through a shaft!
  9458 | D:12     | Reached skill level 1 in Armour
  9850 | D:11     | Noticed Nessos
  9865 | D:11     | Killed Nessos
  9949 | D:11     | Found Muifiank's Gadget Boutique.
 10096 | D:11     | Found Ylafibo Rare's Gadget Boutique.
 10153 | D:11     | Found a staircase to the Orcish Mines.
 10168 | D:11     | Found a roughly hewn altar of Beogh.
 10204 | Orc:1    | Entered Level 1 of the Orcish Mines
 10256 | Orc:1    | Found a bloodstained altar of Trog.
 10353 | Orc:1    | Reached XP level 15. HP: 133/135 MP: 21/21
 10437 | Orc:1    | Noticed Grum
 10445 | Orc:1    | Killed Grum
 10867 | Orc:4    | Entered Level 4 of the Orcish Mines
 10869 | Orc:4    | Noticed Fannar
 10880 | Orc:4    | Noticed Nergalle
 10899 | Orc:3    | Killed Nergalle
 10911 | Orc:4    | Reached skill level 19 in Unarmed Combat
 10953 | Orc:4    | Found a labyrinth entrance.
 10960 | Lab      | Entered a labyrinth
 11366 | Lab      | Identified The Arcane Secrets of Theurgy (You found it in a labyrinth)
 11414 | Orc:4    | Killed Fannar
 11549 | Orc:4    | Cast into the Abyss (an ogre mage)
 11583 | Orc:4    | Escaped the Abyss
 11635 | Orc:4    | Found Fiutos' Magic Scroll Shoppe.
 11637 | Orc:4    | Found Klaguch's Antique Armour Boutique.
 11642 | Orc:4    | Found Soquitil's Magic Scroll Shop.
 11642 | Orc:4    | Found Deydea's Book Shoppe.
 11653 | Orc:4    | Bought a scroll of blinking for 120 gold pieces
 11653 | Orc:4    | Bought a scroll of teleportation for 48 gold pieces
 11654 | Orc:4    | Bought a scroll of vulnerability for 120 gold pieces
 11654 | Orc:4    | Bought a scroll of silence for 120 gold pieces
 11927 | Orc:3    | Noticed Psyche
 11935 | Orc:3    | Killed Psyche
 12060 | Orc:4    | Bought a scroll of fear for 56 gold pieces
 12061 | Orc:4    | Bought a scroll of blinking for 105 gold pieces
 12061 | Orc:4    | Bought a scroll of blinking for 105 gold pieces
 12061 | Orc:4    | Bought a scroll of recharging for 133 gold pieces
 12061 | Orc:4    | Bought a scroll of summoning for 133 gold pieces
 12061 | Orc:4    | Bought a scroll of magic mapping for 49 gold pieces
 12061 | Orc:4    | Bought 3 scrolls of magic mapping for 147 gold pieces
 12160 | Orc:4    | Found a staircase to the Elven Halls.
 12170 | Elf:1    | Entered Level 1 of the Elven Halls
 12213 | Elf:1    | Noticed an azure jelly
 12213 | Elf:1    | a queen ant changed into an azure jelly
 12214 | Elf:1    | an azure jelly changed into an alligator snapping turtle
 12218 | Elf:1    | Noticed a shadow dragon
 12218 | Elf:1    | an alligator snapping turtle changed into a shadow dragon
 12244 | Elf:1    | Noticed a caustic shrike
 12248 | Elf:1    | Annihilated by a caustic shrike (glowing shapeshifter)

Action                   |  1- 3 |  4- 6 |  7- 9 | 10-12 | 13-15 || total
-------------------------+-------+-------+-------+-------+-------++-------
Melee: Unarmed           |    57 |   105 |   285 |   560 |  1189 ||  2196
Invok: Upheaval          |       |       |       |     1 |     2 ||     3
Evoke: Wand              |       |       |     2 |     8 |     1 ||    11
  Use: Scroll            |       |     8 |     6 |     4 |    13 ||    31
       Potion            |       |     7 |     1 |     2 |     1 ||    11
 Stab: Paralysed         |       |       |     3 |     7 |     3 ||    13
       Distracted        |       |       |       |       |     1 ||     1
  Eat: Chunk             |     3 |    12 |    32 |    59 |    87 ||   193
